 Dungeon Sprint DCSS version 0.21.1-1-g345015fe64 (webtiles) character file.

279 Quolop the Protected (level 6, -11/93 HPs)
             Began as a Minotaur Fighter on Feb 27, 2018.
             Was an Initiate of Makhleb.
             Mangled by a two-headed ogre
             ... wielding a +0 giant club
              (20 damage)
             ... in the Dungeon (Sprint IX: "|||||||||||||||||||||||||||||").
             The game lasted 00:02:12 (504 turns).

Quolop the Protected (Minotaur Fighter)              Turns: 504, Time: 00:02:13

Health: -11/93     AC: 15    Str: 27    XL:     6   Next: 5%
Magic:  5/5        EV:  7    Int:  5    God:    Makhleb [......]
Gold:   0          SH: 12    Dex: 10    Spells: 5/5 levels left

rFire    . . .     SeeInvis .   p - +2 scimitar (flame)
rCold    . . .     Gourm    .   c - +0 shield
rNeg     . . .     Faith    .   r - +0 plate armour
rPois    .         Spirit   .   (helmet restricted)
rElec    .         Reflect  .   (no cloak)
rCorr    .         Harm     .   q - +0 pair of gloves
MR       .....     NoTele   +   (no boots)
Stlth    ..........             (no amulet)
HPRegen  0.25/turn              (no ring)
MPRegen  0.09/turn              (no ring)

@: berserking, very quick
A: retaliatory headbutt, horns 2
a: Renounce Religion


You were in the Dungeon.
You worshipped Makhleb.
Makhleb was noncommittal.
You were not hungry.

You visited 1 branch

Inventory:

Hand Weapons
 a - a +0 long sword
 p - a +2 scimitar of flaming (weapon)
Armour
 b - a +0 scale mail
 c - a +0 shield (worn)
 q - a +0 pair of gloves (worn)
 r - a +0 plate armour (worn)
Jewellery
 s - a +3 ring of intelligence
 t - a +3 ring of dexterity
Wands
 o - a wand of acid (10)
Scrolls
 k - 2 scrolls of blinking
 m - 3 scrolls of remove curse
 n - 2 scrolls of amnesia
Potions
 d - a potion of might
 e - a potion of invisibility
 g - 3 potions of heal wounds
 h - a potion of haste
 i - 4 potions of magic
 l - 4 potions of curing
Comestibles
 f - a ration


   Skills:
 + Level 8.4 Fighting
 + Level 6.5 Long Blades
 + Level 9.0 Armour
 + Level 1.9 Dodging
 + Level 8.6 Shields


You had 5 spell levels left.
You didn't know any spells.

Dungeon Overview and Level Annotations

Branches:
Dungeon (1/1)

Altars:
Cheibriados
Dithmenos
Elyvilon
Fedhas
Gozag
Hepliaklqana
Kikubaaqudgha
Makhleb
Nemelex Xobeh
Okawaru
Qazlal
Ru
Sif Muna
Trog
Uskayaw
Vehumet
Wu Jian
Xom
Yredelemnul
Zin
The Shining One
Beogh
Jiyva
Lugonu


Innate Abilities, Weirdness & Mutations

You reflexively headbutt those who attack you in melee.
You have a pair of horns on your head.


Message History

Your Long Blades skill gained 2 levels and is now at level 6!
Your Armour skill gained 3 levels and is now at level 9!
Your Dodging skill increases to level 1!
Your Shields skill gained 3 levels and is now at level 8!
You have reached level 4!
You feel agile.
You have reached level 5!
You have reached level 6!
Your experience leads to an increase in your attributes!
Your base attributes are Str 21, Int 5, Dex 10.
Increase (S)trength, (I)ntelligence, or (D)exterity?
You feel stronger.
The phantom blinks!
There is an open door to the Dungeon, spattered with blood here.
Things that are here:
a +0 troll leather armour; a troll corpse You hit the two-headed ogre.
You burn the two-headed ogre.
The two-headed ogre is lightly wounded.
The two-headed ogre hits you with a giant club!!
You die...

▓.▓
▓|▓
▓)▓
▓[▓
▓W▓
▓.▓
▓.▓
▓.▓
▓@▓
▓O▓
▓O▓
▓r▓
▓h▓
▓.▓
▓.▓
▓+▓


You could see a two-headed ogre, a phantom, an ogre, a howler monkey and a
quokka.

Vanquished Creatures
  A troll (D)
  A hound (D)
  A worker ant (D)
  2 orcs (D)
  A goblin (D)
  2 hobgoblins (D)
  A quokka (D)
  2 kobolds (D)
11 creatures vanquished.

Notes
Turn   | Place    | Note
-------+----------+-------------------------------------------
     0 | D        | Quolop the Minotaur Fighter began the quest for the Orb.
     0 | D        | Reached XP level 1. HP: 19/19 MP: 0/0
     7 | D        | Reached skill level 4 in Armour
    26 | D        | Noticed a worker ant
    26 | D        | Noticed a hound
    30 | D        | Reached XP level 2. HP: 18/28 MP: 1/1
    37 | D        | Reached skill level 5 in Fighting
    37 | D        | Reached skill level 5 in Armour
    37 | D        | Reached skill level 5 in Shields
    37 | D        | Reached XP level 3. HP: 8/36 MP: 2/2
    47 | D        | Reached skill level 6 in Armour
   434 | D        | Found a roughly hewn altar of Beogh.
   434 | D        | Found a snail-covered altar of Cheibriados.
   434 | D        | Found a shadowy altar of Dithmenos.
   434 | D        | Found a white marble altar of Elyvilon.
   434 | D        | Found a blossoming altar of Fedhas.
   434 | D        | Found an opulent altar of Gozag.
   435 | D        | Found a hazy altar of Hepliaklqana.
   436 | D        | Found a viscous altar of Jiyva.
   437 | D        | Found an ancient bone altar of Kikubaaqudgha.
   438 | D        | Found a corrupted altar of Lugonu.
   439 | D        | Found a burning altar of Makhleb.
   440 | D        | Found a sparkling altar of Nemelex Xobeh.
   441 | D        | Found an iron altar of Okawaru.
   442 | D        | Found a stormy altar of Qazlal.
   443 | D        | Found a sacrificial altar of Ru.
   444 | D        | Found a deep blue altar of Sif Muna.
   445 | D        | Found a bloodstained altar of Trog.
   446 | D        | Found a hide-covered altar of Uskayaw.
   447 | D        | Became a worshipper of Makhleb the Destroyer
   448 | D        | Found a radiant altar of Vehumet.
   449 | D        | Found an ornate altar of the Wu Jian Council.
   450 | D        | Found a shimmering altar of Xom.
   451 | D        | Found a basalt altar of Yredelemnul.
   452 | D        | Found a glowing silver altar of Zin.
   453 | D        | Found a glowing golden altar of the Shining One.
   496 | D        | Noticed a troll
   496 | D        | Noticed a phantom
   496 | D        | Noticed an ogre
   496 | D        | Noticed a two-headed ogre
   502 | D        | Killed a troll
   502 | D        | Reached skill level 9 in Armour
   502 | D        | Reached skill level 1 in Dodging
   502 | D        | Reached XP level 4. HP: 6/49 MP: 3/3
   502 | D        | Reached XP level 5. HP: 7/56 MP: 4/4
   502 | D        | Reached XP level 6. HP: 8/62 MP: 5/5
   504 | D        | Mangled by a two-headed ogre

Skill      XL: |  1  2  3 |
---------------+----------+-----
Fighting       | 4 5 8 |  8.4
Armour         | 4 5 9 |  9.0
Shields        | 4 5 8 |  8.6
Long Blades    | 3 6 |  6.5
Dodging        | 1 |  1.9

Action                   |  1- 3 |  4- 6 || total
-------------------------+-------+-------++-------
Melee: Long sword        |    38 |       ||    38
       Headbutt          |     8 |       ||     8
       Scimitar          |     5 |     1 ||     6
  Use: Potion            |     2 |       ||     2
Armor: Scale mail        |     9 |       ||     9
       Plate armour      |     7 |       ||     7
Dodge: Dodged            |    14 |       ||    14
Block: Shield            |    16 |       ||    16
       Rpst.: Long sword |     3 |       ||     3
